[Event "22nd Ruzomberok Open 2019"]
[Site "Ruzomberok"]
[Date "2019.07.01"]
[Round "3.14"]
[White "Korenova, Simona"]
[Black "Bemak, Mikhail"]
[Result "1-0"]
[ECO "A34"]
[WhiteElo "1764"]
[BlackElo "2102"]
[Annotator "NA"]
[PlyCount "61"]
[EventDate "2019.06.29"]
[EventType "swiss"]
[EventCountry "SVK"]
[SourceTitle "playchess.com"]
[Source "ChessBase"]
[SourceQuality "1"]
[TimeControl "40/5400+30:1800+30"]

1. c4 c5 2. Nc3 Nf6 3. g3 d5 4. cxd5 Nxd5 5. Bg2 Nc7 6. Nf3 Nc6 7. O-O e5 8. d3 Be7 9. b3 O-O 10. Bb2 f6 11. Rc1 Be6 12. Na4 b6 13. e3 Nb4 14. Ne1 Bd5 15. a3 Bxg2 16. Kxg2 Nba6 17. Nf3 Qd5 18. Nc3 Qb7 19. Kg1 Rad8 20. Qe2 Rfe8 21. Nh4 Ne6 22. Qg4 Bf8 23. Ne4 Qf7 24. f4 h5 25. Qf5 exf4 26. gxf4 Nac7 27. Ng6 Rd5 28. Be5 fxe5 29. Qxh5 Qd7 30. fxe5 Nf4 31. Rxf4 1-0

[Event "22nd Ruzomberok Open 2019"]
[Site "Ruzomberok"]
[Date "2019.07.01"]
[Round "3.15"]
[White "Balogh, Peter"]
[Black "Gasper, Jaroslav"]
[Result "1-0"]
[ECO "D01"]
[WhiteElo "2037"]
[BlackElo "1772"]
[Annotator "NA"]
[PlyCount "73"]
[EventDate "2019.06.29"]
[EventType "swiss"]
[EventCountry "SVK"]
[SourceTitle "playchess.com"]
[Source "ChessBase"]
[SourceQuality "1"]
[TimeControl "40/5400+30:1800+30"]

1. d4 d5 2. Nc3 Bf5 3. f3 Nf6 4. Bg5 Nbd7 5. Nxd5 Nxd5 6. e4 h6 7. Bc1 e6 8. exf5 exf5 9. Bc4 N7b6 10. Bb3 Bd6 11. Ne2 g5 12. O-O Nf6 13. Qd3 Qd7 14. c4 Be7 15. a4 a5 16. Ng3 c5 17. Nxf5 O-O-O 18. d5 Kb8 19. Bd2 g4 20. Bxa5 gxf3 21. Qxf3 Ka7 22. Nxe7 Qxe7 23. Bxb6+ Kxb6 24. Qxf6+ Qd6 25. Qxd6+ Rxd6 26. Rxf7 Rg8 27. a5+ Ka6 28. Ba4 Rdg6 29. Bb5+ Ka7 30. g3 Kb8 31. a6 bxa6 32. Bc6 R6g7 33. Rxg7 Rxg7 34. d6 Ka7 35. Re1 Kb6 36. d7 Kc7 37. Re8 1-0

[Event "22nd Ruzomberok Open 2019"]
[Site "Ruzomberok"]
[Date "2019.07.01"]
[Round "3.16"]
[White "Mudron, Jan"]
[Black "Palider, Pavol"]
[Result "0-1"]
[ECO "A50"]
[WhiteElo "1756"]
[BlackElo "2026"]
[Annotator "NA"]
[PlyCount "82"]
[EventDate "2019.06.29"]
[EventType "swiss"]
[EventCountry "SVK"]
[SourceTitle "playchess.com"]
[Source "ChessBase"]
[SourceQuality "1"]
[TimeControl "40/5400+30:1800+30"]

1. d4 Nf6 2. c4 Nc6 3. Nf3 d6 4. Nc3 Bg4 5. e3 e5 6. dxe5 Nxe5 7. Be2 Bxf3 8. Bxf3 c6 9. Be2 Be7 10. O-O O-O 11. b3 Qd7 12. Bb2 Rad8 13. Qd4 b6 14. Rad1 Qc7 15. e4 Ne8 16. Qe3 Ng6 17. h3 Nf6 18. Rd2 d5 19. exd5 Bc5 20. Qd3 Nf4 21. Qc2 Rfe8 22. Bf3 cxd5 23. Nxd5 N6xd5 24. cxd5 Qd6 25. Qd1 Qg6 26. Kh1 Bd6 27. h4 Qh6 28. g3 Ng6 29. Kg2 f5 30. Rh1 f4 31. Bh5 fxg3 32. fxg3 Re3 33. Rh3 Rde8 34. Bxg6 Qxg6 35. Bd4 Rxg3+ 36. Rxg3 Qxg3+ 37. Kf1 Qxh4 38. Rg2 g6 39. Bf2 Rf8 40. Qe2 Qh1+ 41. Rg1 Qxd5 0-1

[Event "22nd Ruzomberok Open 2019"]
[Site "Ruzomberok"]
[Date "2019.07.01"]
[Round "3.18"]
[White "Jakab, Stefan"]
[Black "Baleja, Marian"]
[Result "1/2-1/2"]
[ECO "B33"]
[WhiteElo "1751"]
[BlackElo "1951"]
[Annotator "NA"]
[PlyCount "56"]
[EventDate "2019.06.29"]
[EventType "swiss"]
[EventCountry "SVK"]
[SourceTitle "playchess.com"]
[Source "ChessBase"]
[SourceQuality "1"]
[TimeControl "40/5400+30:1800+30"]

1. e4 c5 2. Nf3 Nc6 3. d4 cxd4 4. Nxd4 Nf6 5. Nc3 e5 6. Ndb5 d6 7. Bg5 a6 8. Na3 b5 9. Nd5 Be7 10. Bxf6 Bxf6 11. c3 O-O 12. Be2 Bg5 13. O-O f5 14. f4 exf4 15. Nxf4 Kh8 16. exf5 Bxf5 17. Nd5 Ne7 18. Bf3 Ra7 19. Nc2 Bxc2 20. Qxc2 Rxf3 21. Rxf3 Nxd5 22. Qf5 Be3+ 23. Kh1 Ne7 24. Qf8+ Qxf8 25. Rxf8+ Ng8 26. Re1 Re7 27. Ra8 h6 28. Rxa6 Rf7 1/2-1/2

[Event "22nd Ruzomberok Open 2019"]
[Site "Ruzomberok"]
[Date "2019.07.01"]
[Round "3.19"]
[White "Druska, Robert"]
[Black "Mc Aleenan, Charles"]
[Result "0-1"]
[ECO "B01"]
[WhiteElo "1918"]
[BlackElo "1746"]
[Annotator "NA"]
[PlyCount "48"]
[EventDate "2019.06.29"]
[EventType "swiss"]
[EventCountry "SVK"]
[SourceTitle "playchess.com"]
[Source "ChessBase"]
[SourceQuality "1"]
[TimeControl "40/5400+30:1800+30"]

1. e4 d5 2. exd5 Qxd5 3. Nc3 Qd6 4. d4 Nf6 5. g3 Bg4 6. Qd3 c6 7. Nge2 e6 8. Bf4 Qd8 9. Bg2 Bd6 10. O-O-O Bxf4+ 11. gxf4 Nbd7 12. Rde1 Bf5 13. Qe3 Qa5 14. Ng3 g6 15. d5 cxd5 16. Qd4 O-O-O 17. Na4 Kb8 18. Re3 Rc8 19. Nxf5 gxf5 20. Ra3 Rc4 21. Qd2 Qxd2+ 22. Kxd2 Rxf4 23. Ke3 Rc4 24. Rc1 Ng4+ {[%emt 0:02:35] Kd4} 0-1

[Event "22nd Ruzomberok Open 2019"]
[Site "Ruzomberok"]
[Date "2019.07.01"]
[Round "3.20"]
[White "Zentko, Ladislav"]
[Black "Koloditsova, Renata"]
[Result "0-1"]
[ECO "D47"]
[WhiteElo "1732"]
[BlackElo "1903"]
[Annotator "NA"]
[PlyCount "42"]
[EventDate "2019.06.29"]
[EventType "swiss"]
[EventCountry "SVK"]
[SourceTitle "playchess.com"]
[Source "ChessBase"]
[SourceQuality "1"]
[TimeControl "40/5400+30:1800+30"]

1. Nf3 d5 2. d4 Nf6 3. c4 c6 4. Nc3 e6 5. e3 Nbd7 6. Bd3 dxc4 7. Bxc4 b5 8. Bd3 Bb7 9. O-O Be7 10. Re1 a6 11. a3 c5 12. e4 cxd4 13. Nxd4 Ne5 14. Bf1 O-O 15. Bf4 Ng6 16. Bg3 Bc5 17. Nb3 Bb6 18. Bd6 Re8 19. e5 Nd5 20. Nxd5 Bxd5 21. Nd4 Qh4 0-1

[Event "22nd Ruzomberok Open 2019"]
[Site "Ruzomberok"]
[Date "2019.07.01"]
[Round "3.21"]
[White "Pecho, Juraj"]
[Black "Laurencsik, Alexander"]
[Result "1-0"]
[ECO "A01"]
[WhiteElo "1900"]
[BlackElo "1742"]
[Annotator "NA"]
[PlyCount "133"]
[EventDate "2019.06.29"]
[EventType "swiss"]
[EventCountry "SVK"]
[SourceTitle "playchess.com"]
[Source "ChessBase"]
[SourceQuality "1"]
[TimeControl "40/5400+30:1800+30"]

1. b3 Nf6 2. Bb2 d6 3. Nf3 Nbd7 4. d4 g6 5. g3 Bg7 6. Bg2 O-O 7. O-O h6 8. c4 c6 9. Nc3 d5 10. Qc2 Re8 11. Rfd1 Nf8 12. Ne5 e6 13. a4 a6 14. a5 N6d7 15. f4 Nxe5 16. dxe5 Qe7 17. Ba3 Qc7 18. Bd6 Qd8 19. Bc5 Nd7 20. Bd6 Bf8 21. Bxf8 Kxf8 22. h4 h5 23. Bf3 Kg7 24. Kh2 Qe7 25. e4 dxc4 26. bxc4 b5 27. axb6 Nxb6 28. Na4 Nxa4 29. Qxa4 Qc5 30. Rd6 Rb8 31. Ra2 Rb1 32. Bd1 Bb7 33. Qc2 Rb4 34. Be2 Qf2+ 35. Kh3 Qg1 36. Rd1 Qc5 37. Qd2 Rb3 38. Bf1 Qe3 39. Qxe3 Rxe3 40. Rb1 Re7 41. Rab2 Bc8 42. Rb8 Rc7 43. Rd1 Bd7 44. c5 f6 45. exf6+ Kxf6 46. e5+ Ke7 47. Bd3 Kf7 48. Bxa6 Rc3 49. Rh8 Rxc5 50. Rh7+ Ke8 51. Rb1 Rb5 52. Bxb5 cxb5 53. Rxb5 Rc1 54. Rb8+ Bc8 55. Rg7 Kd8 56. Rb6 Rc2 57. Rd6+ Ke8 58. Rh7 Rc1 59. Kg2 Rc2+ 60. Kf3 Rc3+ 61. Ke4 Rc1 62. Rg7 Rc3 63. Kd4 Rc1 64. Rxg6 Kf7 65. Rg5 Rg1 66. Ke3 Bb7 67. Rd7+ 1-0

[Event "22nd Ruzomberok Open 2019"]
[Site "Ruzomberok"]
[Date "2019.07.01"]
[Round "3.22"]
[White "Cabanova, Kristina"]
[Black "Janik, Miroslav"]
[Result "1/2-1/2"]
[ECO "D02"]
[WhiteElo "1728"]
[BlackElo "1889"]
[Annotator "NA"]
[PlyCount "88"]
[EventDate "2019.06.29"]
[EventType "swiss"]
[EventCountry "SVK"]
[SourceTitle "playchess.com"]
[Source "ChessBase"]
[SourceQuality "1"]
[TimeControl "40/5400+30:1800+30"]

1. d4 d5 2. Nf3 Nf6 3. Bf4 c6 4. e3 Bf5 5. c3 e6 6. Nbd2 Qb6 7. Qb3 Nbd7 8. h3 h5 9. Be2 Ne4 10. O-O Qxb3 11. axb3 f6 12. Nxe4 Bxe4 13. Nd2 Bf5 14. c4 g5 15. Bh2 Be7 16. f3 Bb4 17. Nb1 Bxb1 18. Raxb1 Bd2 19. Kf2 f5 20. Rfd1 Bb4 21. Ra1 Nf6 22. c5 O-O 23. Ra4 a5 24. Rda1 Rac8 25. Bd6 Rf7 26. Bd3 g4 27. Rh1 gxf3 28. gxf3 Kh7 29. Be5 Nd7 30. Bf4 Rg7 31. Raa1 Rcg8 32. Rhg1 b6 33. Rxg7+ Rxg7 34. cxb6 Nxb6 35. Rc1 Nd7 36. Rxc6 Nf8 37. Rc7 Rxc7 38. Bxc7 Kg7 39. Bb5 Kf7 40. Bd8 Ng6 41. Bc6 Nf8 42. e4 fxe4 43. fxe4 dxe4 44. Bxe4 Ng6 1/2-1/2

[Event "22nd Ruzomberok Open 2019"]
[Site "Ruzomberok"]
[Date "2019.07.01"]
[Round "3.23"]
[White "Taragelova, Martina"]
[Black "Profant, Jan"]
[Result "1-0"]
[ECO "B35"]
[WhiteElo "1719"]
[BlackElo "1871"]
[Annotator "NA"]
[PlyCount "71"]
[EventDate "2019.06.29"]
[EventType "swiss"]
[EventCountry "SVK"]
[SourceTitle "playchess.com"]
[Source "ChessBase"]
[SourceQuality "1"]
[TimeControl "40/5400+30:1800+30"]

1. e4 c5 2. Nf3 g6 3. d4 cxd4 4. Nxd4 Nc6 5. Nc3 Bg7 6. Be3 Nf6 7. Bc4 O-O 8. Bb3 Na5 9. f3 Nxb3 10. axb3 a6 11. Qd2 b5 12. Ndxb5 Bb7 13. Nd4 e5 14. Nde2 d5 15. exd5 Nxd5 16. Nxd5 Bxd5 17. O-O-O Be6 18. Qxd8 Rfxd8 19. Nc3 Rdc8 20. Rd2 a5 21. Kb1 f5 22. Rhd1 Kf7 23. Na4 f4 24. Bf2 Rab8 25. Nc5 Bf5 26. Ne4 Bxe4 27. Rd7+ Kg8 28. fxe4 Rb4 29. Rd8+ Rxd8 30. Rxd8+ Kf7 31. c4 a4 32. bxa4 Rxc4 33. a5 Ra4 34. Bb6 Bf8 35. b3 Ra3 36. Rxf8+ 1-0

[Event "22nd Ruzomberok Open 2019"]
[Site "Ruzomberok"]
[Date "2019.07.01"]
[Round "3.24"]
[White "Zahradnik, Vladimir"]
[Black "Konkol, Emil"]
[Result "1-0"]
[ECO "A36"]
[WhiteElo "1862"]
[BlackElo "1714"]
[Annotator "NA"]
[PlyCount "61"]
[EventDate "2019.06.29"]
[EventType "swiss"]
[EventCountry "SVK"]
[SourceTitle "playchess.com"]
[Source "ChessBase"]
[SourceQuality "1"]
[TimeControl "40/5400+30:1800+30"]

1. c4 c5 2. Nc3 Nc6 3. g3 Nf6 4. Bg2 e6 5. e3 d5 6. cxd5 Nxd5 7. Nge2 Be7 8. O-O O-O 9. Nxd5 exd5 10. d4 cxd4 11. Nxd4 Bf6 12. Nxc6 bxc6 13. Qc2 Bd7 14. Bd2 Rb8 15. Bc3 Bxc3 16. bxc3 Qf6 17. e4 dxe4 18. Bxe4 c5 19. Bxh7+ Kh8 20. Be4 Bc6 21. Rfe1 Rfe8 22. Bxc6 Rxe1+ 23. Rxe1 Qxc6 24. Qf5 f6 25. Qg6 Rd8 26. Qh5+ Kg8 27. c4 a6 28. Re7 Qd6 29. Re1 Qc6 30. h4 Rb8 31. g4 1-0

[Event "22nd Ruzomberok Open 2019"]
[Site "Ruzomberok"]
[Date "2019.07.01"]
[Round "3.25"]
[White "Marsina, Stefan"]
[Black "Verba, Vladimir"]
[Result "1-0"]
[ECO "A43"]
[WhiteElo "1857"]
[BlackElo "1708"]
[Annotator "NA"]
[PlyCount "129"]
[EventDate "2019.06.29"]
[EventType "swiss"]
[EventCountry "SVK"]
[SourceTitle "playchess.com"]
[Source "ChessBase"]
[SourceQuality "1"]
[TimeControl "40/5400+30:1800+30"]

1. d4 c5 2. c3 b6 3. Bf4 Nf6 4. e3 Bb7 5. h3 g6 6. Nf3 Bg7 7. Be2 d6 8. O-O Nbd7 9. Nbd2 O-O 10. a4 a6 11. Qb3 h6 12. Bd3 d5 13. c4 e6 14. Rfd1 Qe7 15. Ne5 Nxe5 16. Bxe5 Nd7 17. Bxg7 Kxg7 18. dxc5 Nxc5 19. Qc3+ Kg8 20. Be2 Qg5 21. Nf3 Qe7 22. Qe5 f6 23. Qf4 g5 24. Qd4 Nb3 25. Qxb6 Nxa1 26. Rxa1 Rfb8 27. Nd4 Bc8 28. Qc6 Ra7 29. cxd5 exd5 30. Qxd5+ Qf7 31. Qd8+ Qf8 32. Bc4+ Kg7 33. Qxf8+ Kxf8 34. Nc6 Rbb7 35. Nxa7 Rxa7 36. Rd1 Ke7 37. Kf1 Rc7 38. b3 Bb7 39. Rd4 f5 40. f3 a5 41. Ke2 Rc5 42. e4 h5 43. Kd3 h4 44. Bb5 Kf6 45. exf5 Bc8 46. Bd7 Bxd7 47. Rxd7 Kxf5 48. Rf7+ Ke5 49. Rb7 Kd5 50. Rb6 Ke5 51. Rb5 Rxb5 52. axb5 Kd5 53. b6 Kc6 54. b7 Kxb7 55. Ke4 Kc6 56. Kf5 Kc5 57. Kxg5 Kb4 58. f4 Kxb3 59. f5 a4 60. f6 a3 61. f7 a2 62. f8=Q a1=Q 63. Qf3+ Kc2 64. Qe4+ Kb3 65. Kxh4 1-0

[Event "22nd Ruzomberok Open 2019"]
[Site "Ruzomberok"]
[Date "2019.07.01"]
[Round "3.26"]
[White "Cernekova, Martina"]
[Black "Pasztor, Ladislav"]
[Result "0-1"]
[ECO "E91"]
[WhiteElo "1659"]
[BlackElo "1857"]
[Annotator "NA"]
[PlyCount "62"]
[EventDate "2019.06.29"]
[EventType "swiss"]
[EventCountry "SVK"]
[SourceTitle "playchess.com"]
[Source "ChessBase"]
[SourceQuality "1"]
[TimeControl "40/5400+30:1800+30"]

1. d4 Nf6 2. c4 g6 3. Nc3 Bg7 4. e4 d6 5. Nf3 O-O 6. Be2 c6 7. O-O Qc7 8. Bg5 h6 9. Bh4 Nbd7 10. Ne1 e5 11. d5 g5 12. Bg3 Nc5 13. f3 b6 14. h4 Bb7 15. Nc2 Nh5 16. Bf2 Nf4 17. Ne3 Rad8 18. Nf5 Bc8 19. Nxg7 Kxg7 20. hxg5 hxg5 21. Bg3 Bb7 22. b4 Nd7 23. Bxf4 gxf4 24. a4 Nf6 25. Qe1 Rh8 26. g4 Rh3 27. Kg2 Rdh8 28. Rg1 a5 29. b5 cxb5 30. Nxb5 Qc5 31. Kf1 Qxg1+ 0-1

[Event "22nd Ruzomberok Open 2019"]
[Site "Ruzomberok"]
[Date "2019.07.01"]
[Round "3.27"]
[White "Polko, Pavol"]
[Black "Salomons, Lorenzo"]
[Result "0-1"]
[ECO "A48"]
[WhiteElo "1638"]
[BlackElo "1842"]
[Annotator "NA"]
[PlyCount "121"]
[EventDate "2019.06.29"]
[EventType "swiss"]
[EventCountry "SVK"]
[SourceTitle "playchess.com"]
[Source "ChessBase"]
[SourceQuality "1"]
[TimeControl "40/5400+30:1800+30"]

1. d4 Nf6 2. Nf3 g6 3. Bf4 Bg7 4. e3 O-O 5. Nbd2 d6 6. Bc4 Nc6 7. c3 Bg4 8. Qb3 Na5 9. Qb5 Nxc4 10. Qxc4 c6 11. h3 Bxf3 12. gxf3 a5 13. e4 Nh5 14. Be3 Qc7 15. d5 a4 16. f4 Ra6 17. Nf3 b5 18. Qd3 a3 19. b3 cxd5 20. e5 dxe5 21. fxe5 Bxe5 22. Nxe5 Qxe5 23. O-O-O Nf4 24. Bxf4 Qxf4+ 25. Rd2 Rc6 26. Re1 e6 27. Kb1 Rfc8 28. Rc2 b4 29. Qe3 Qf6 30. Rec1 bxc3 31. Qa7 d4 32. Qd7 R8c7 33. Qe8+ Kg7 34. Rd1 Qh4 35. Qa8 Qxh3 36. Qd8 e5 37. Qd5 Rc5 38. Qd8 Qf3 39. Rxd4 exd4 40. Qxd4+ Qf6 41. Qb4 Qe5 42. Qxa3 h5 43. Qc1 Qd4 44. f4 Rf5 45. a4 Rxf4 46. Ka2 h4 47. Qe1 Qe4 48. Qc1 Qd4 49. Qe1 Re4 50. Qa1 Qd3 51. Qc1 Re2 52. Rxe2 Qxe2+ 53. Ka3 Qb2+ 54. Qxb2 cxb2 55. Kxb2 h3 56. a5 h2 57. b4 h1=Q 58. Kb3 Qc6 59. Ka3 Qb5 60. Kb3 Rb7 61. a6 0-1

[Event "22nd Ruzomberok Open 2019"]
[Site "Ruzomberok"]
[Date "2019.07.01"]
[Round "3.28"]
[White "Tomanek, Rafael"]
[Black "Galbavy, Dusan"]
[Result "0-1"]
[ECO "A40"]
[WhiteElo "1880"]
[BlackElo "1678"]
[Annotator "NA"]
[PlyCount "62"]
[EventDate "2019.06.29"]
[EventType "swiss"]
[EventCountry "SVK"]
[SourceTitle "playchess.com"]
[Source "ChessBase"]
[SourceQuality "1"]
[TimeControl "40/5400+30:1800+30"]

1. d4 e6 2. Nf3 f5 3. c4 d6 4. Nc3 Nf6 5. g3 g6 6. Bg2 Bg7 7. O-O O-O 8. Qc2 c6 9. b3 Na6 10. Bb2 Qe7 11. Ba3 c5 12. Rad1 e5 13. d5 e4 14. Ne1 Ng4 15. e3 h5 16. h3 Ne5 17. Kh2 h4 18. Ne2 Bf6 19. f4 exf3 20. Nxf3 hxg3+ 21. Nxg3 Qg7 22. e4 f4 23. Ne2 g5 24. Nxe5 Bxe5 25. Kh1 g4 26. Qc1 Qf6 27. hxg4 Bxg4 28. Bf3 Qh4+ 29. Kg1 Rf6 30. Rf2 Rg6 31. Nxf4 Bxf4 0-1

[Event "22nd Ruzomberok Open 2019"]
[Site "Ruzomberok"]
[Date "2019.07.01"]
[Round "3.29"]
[White "Ucekajova, Veronika"]
[Black "Horbal, Jozef"]
[Result "1/2-1/2"]
[ECO "C00"]
[WhiteElo "1836"]
[BlackElo "1660"]
[Annotator "NA"]
[PlyCount "126"]
[EventDate "2019.06.29"]
[EventType "swiss"]
[EventCountry "SVK"]
[SourceTitle "playchess.com"]
[Source "ChessBase"]
[SourceQuality "1"]
[TimeControl "40/5400+30:1800+30"]

1. e4 e6 2. d3 b6 3. g3 Bb7 4. Bg2 Nc6 5. Nf3 Qe7 6. O-O O-O-O 7. a4 f6 8. Bd2 Qf7 9. a5 Bb4 10. axb6 axb6 11. Bxb4 Nxb4 12. c3 Nc6 13. Qa4 Nge7 14. e5 d5 15. exd6 Rxd6 16. d4 Kd7 17. Na3 Ra8 18. Qb3 Na5 19. Qc2 Qh5 20. b4 Nac6 21. Nc4 Rxa1 22. Rxa1 Rd5 23. Ne3 Rd6 24. Nc4 Rd5 25. Qe2 Qh6 26. Ne3 Rd6 27. Nc4 Rd5 28. Re1 Nd8 29. Nh4 g5 30. Bxd5 Bxd5 31. Ng2 Qh3 32. Nce3 Bb7 33. Qg4 Bxg2 34. Qxh3 Bxh3 35. g4 h5 36. f3 hxg4 37. fxg4 f5 38. gxf5 Nxf5 39. Nc4 Nd6 40. Ne5+ Ke7 41. Re3 Bf5 42. Rg3 N6f7 43. Ng4 Bxg4 44. Rxg4 b5 45. h4 gxh4 46. Rxh4 c6 47. Kf2 Kd6 48. Ke3 Kd5 49. Kd3 e5 50. dxe5 Nxe5+ 51. Kc2 Ndf7 52. Rd4+ Ke6 53. Kb3 Nd6 54. Rh4 Ndc4 55. Rd4 Kf5 56. Rh4 Ng4 57. Rh8 Ke4 58. Rh4 Nce5 59. Rh8 Ne3 60. Rd8 Nd5 61. Rd6 Kd3 62. Rh6 Ne3 63. Rd6+ Nd5 1/2-1/2

[Event "22nd Ruzomberok Open 2019"]
[Site "Ruzomberok"]
[Date "2019.07.01"]
[Round "3.30"]
[White "Slivka, Vasil"]
[Black "Mocary, Metod"]
[Result "1-0"]
[ECO "A16"]
[WhiteElo "1562"]
[BlackElo "1830"]
[Annotator "NA"]
[PlyCount "87"]
[EventDate "2019.06.29"]
[EventType "swiss"]
[EventCountry "SVK"]
[SourceTitle "playchess.com"]
[Source "ChessBase"]
[SourceQuality "1"]
[TimeControl "40/5400+30:1800+30"]

1. c4 Nf6 2. Nc3 d5 3. cxd5 Nxd5 4. g3 g6 5. Bg2 Nb6 6. Nf3 Bg7 7. O-O O-O 8. d3 c6 9. Be3 N8d7 10. Rc1 Nf6 11. h3 Nfd5 12. Bd2 h6 13. Nxd5 Nxd5 14. Rb1 Kh7 15. d4 Bf5 16. Rc1 Be4 17. e3 Qb6 18. Bc3 Nxc3 19. bxc3 Rad8 20. Qb3 Qc7 21. Ne1 Bxg2 22. Kxg2 b6 23. Nf3 e6 24. Kg1 Rd5 25. a4 Rfd8 26. c4 Ra5 27. Rfd1 Qd7 28. Kh2 Rf5 29. Kg2 Ra5 30. g4 f5 31. g5 Rh8 32. h4 Kg8 33. Ne5 Bxe5 34. dxe5 Qc7 35. f4 hxg5 36. hxg5 c5 37. e4 Rh4 38. Qe3 Rxa4 39. Rc2 Rg4+ 40. Kf3 Kf7 41. Rh2 Kg8 42. Rdh1 Qg7 43. Qd2 Ra3+ 44. Ke2 1-0

[Event "22nd Ruzomberok Open 2019"]
[Site "Ruzomberok"]
[Date "2019.07.01"]
[Round "3.32"]
[White "Kunzo, Slavomir"]
[Black "Kapicakova, Lucia"]
[Result "0-1"]
[ECO "E61"]
[WhiteElo "1593"]
[BlackElo "1776"]
[Annotator "NA"]
[PlyCount "152"]
[EventDate "2019.06.29"]
[EventType "swiss"]
[EventCountry "SVK"]
[SourceTitle "playchess.com"]
[Source "ChessBase"]
[SourceQuality "1"]
[TimeControl "40/5400+30:1800+30"]

1. c4 Nf6 2. d4 g6 3. Nc3 Bg7 4. Nf3 d6 5. e3 O-O 6. Be2 Nbd7 7. O-O e5 8. dxe5 dxe5 9. e4 c6 10. b4 Qe7 11. Rb1 Rd8 12. Qb3 Nf8 13. c5 Bg4 14. Be3 Bxf3 15. Bxf3 Ne6 16. Ne2 Rd7 17. Rfd1 Rad8 18. Rxd7 Qxd7 19. h3 a6 20. a4 Bf8 21. g4 h6 22. Kg2 Qd3 23. Qxd3 Rxd3 24. h4 Ra3 25. a5 Rd3 26. g5 hxg5 27. hxg5 Nh7 28. Nc1 Rd8 29. Be2 Nhxg5 30. f3 Bh6 31. Nb3 f6 32. Rd1 Rxd1 33. Bxd1 Nf7 34. Bxh6 Nxh6 35. Nd2 Nf4+ 36. Kf1 Nd3 37. Ke2 Nf4+ 38. Ke3 Kf8 39. Bb3 Ke7 40. Nc4 Nf7 41. Nb6 Nd8 42. Nc8+ Kf8 43. Nd6 Ke7 44. Nc8+ Ke8 45. Nd6+ Ke7 46. Nc8+ Kd7 47. Nd6 Nfe6 48. Ba2 Nd4 49. Bb1 Nb5 50. Nc4 Nc3 51. Nd2 Nxb1 52. Nxb1 Ne6 53. Na3 Nd4 54. f4 Nb5 55. Nc4 exf4+ 56. Kxf4 Ke6 57. Ke3 Nc3 58. Nd6 Na2 59. Nxb7 Nxb4 60. Nd8+ Ke7 61. Nb7 g5 62. Nd6 Ke6 63. Nf5 Ke5 64. Nd6 Ke6 65. Ne8 Kf7 66. Nd6+ Kg6 67. Nf5 Kh5 68. Ng7+ Kh4 69. Ne8 g4 70. Nxf6 g3 71. Kf3 Nd3 72. Kg2 Nf4+ 73. Kf3 g2 74. Kf2 Kh3 75. Nh5 Nxh5 76. e5 Kh2 0-1

[Event "22nd Ruzomberok Open 2019"]
[Site "Ruzomberok"]
[Date "2019.07.01"]
[Round "3.33"]
[White "Malinovsky, Jozef"]
[Black "Zilkay, Dominik"]
[Result "1-0"]
[ECO "D02"]
[WhiteElo "1715"]
[BlackElo "1328"]
[Annotator "NA"]
[PlyCount "55"]
[EventDate "2019.06.29"]
[EventType "swiss"]
[EventCountry "SVK"]
[SourceTitle "playchess.com"]
[Source "ChessBase"]
[SourceQuality "1"]
[TimeControl "40/5400+30:1800+30"]

1. d4 d5 2. Nf3 Nf6 3. g3 c5 4. c3 Nc6 5. Bg2 Bf5 6. O-O e6 7. Nbd2 cxd4 8. Nxd4 Nxd4 9. cxd4 Be7 10. Qa4+ Qd7 11. Qxd7+ Kxd7 12. Nf3 Bd6 13. Nh4 Bc2 14. b3 h6 15. Bb2 Ke7 16. Rac1 Bh7 17. Rc3 Bb4 18. Rc7+ Nd7 19. Rxb7 Bd6 20. Rc1 f6 21. Nf3 Bg6 22. Bf1 Rhg8 23. Rc6 Be8 24. e3 Bg6 25. Bb5 Rgd8 26. Rxd6 Kxd6 27. Ba3+ Nc5 28. Bxc5# 1-0

[Event "22nd Ruzomberok Open 2019"]
[Site "Ruzomberok"]
[Date "2019.07.01"]
[Round "3.34"]
[White "Hajtmansky, Milan"]
[Black "Mikulec, Martin"]
[Result "1/2-1/2"]
[ECO "B52"]
[WhiteElo "1521"]
[BlackElo "1875"]
[Annotator "NA"]
[PlyCount "141"]
[EventDate "2019.06.29"]
[EventType "swiss"]
[EventCountry "SVK"]
[SourceTitle "playchess.com"]
[Source "ChessBase"]
[SourceQuality "1"]
[TimeControl "40/5400+30:1800+30"]

1. e4 c5 2. Nf3 d6 3. Bb5+ Bd7 4. Bxd7+ Nxd7 5. O-O Ngf6 6. d3 e6 7. Bg5 Be7 8. Bxf6 Bxf6 9. c3 O-O 10. Nbd2 Rc8 11. Rb1 a6 12. Nc4 Qc7 13. Ne3 g6 14. Ng4 Bg7 15. Qd2 h5 16. Ne3 Bh6 17. Qe2 Qc6 18. Rfd1 Rce8 19. Nc2 f5 20. e5 dxe5 21. Nxe5 Nxe5 22. Qxe5 Qd5 23. Qxd5 exd5 24. Re1 Kf7 25. Kf1 b6 26. Rxe8 Rxe8 27. Re1 Rxe1+ 28. Kxe1 Ke6 29. g3 Bg7 30. Ke2 b5 31. Ke3 a5 32. Kd2 g5 33. b4 axb4 34. cxb4 cxb4 35. Nxb4 Bd4 36. Ke2 Bc3 37. Nc2 g4 38. Ke3 Bb2 39. Ke2 d4 40. Ne1 Kd5 41. Ng2 Kc5 42. Kd2 Kb4 43. Kc2 Ka3 44. Kb1 Bc3 45. Nh4 Be1 46. f3 f4 47. fxg4 fxg3 48. hxg3 Bxg3 49. Nf5 h4 50. g5 Bf2 51. g6 h3 52. g7 h2 53. g8=Q h1=Q+ 54. Kc2 Qc6+ 55. Kb1 Qc3 56. Qa8+ Kb4 57. Qf8+ Ka4 58. Qa8+ Qa5 59. Qxa5+ Kxa5 60. Kb2 Kb4 61. a3+ Ka4 62. Ka2 Be3 63. Kb2 Bf4 64. Ka2 Be5 65. Kb2 Ka5 66. Kb3 Bf6 67. Ng3 Bh4 68. Ne4 Be1 69. Nc5 Bc3 70. Ne4 Be1 71. Nc5 1/2-1/2

[Event "22nd Ruzomberok Open 2019"]
[Site "Ruzomberok"]
[Date "2019.07.01"]
[Round "3.35"]
[White "Petrasko, Jozef"]
[Black "Kukan, Michal"]
[Result "1-0"]
[ECO "A22"]
[WhiteElo "1455"]
[BlackElo "1698"]
[Annotator "NA"]
[PlyCount "67"]
[EventDate "2019.06.29"]
[EventType "swiss"]
[EventCountry "SVK"]
[SourceTitle "playchess.com"]
[Source "ChessBase"]
[SourceQuality "1"]
[TimeControl "40/5400+30:1800+30"]

1. c4 Nf6 2. Nc3 e5 3. g3 d5 4. cxd5 Nxd5 5. Bg2 c6 6. d3 Be6 7. Nf3 Bd6 8. Ng5 Nxc3 9. bxc3 Bd5 10. e4 h6 11. exd5 hxg5 12. Qa4 b5 13. Qb3 Na6 14. dxc6 Nc7 15. Be3 f5 16. O-O-O f4 17. gxf4 gxf4 18. Bd2 Qf6 19. Be4 a5 20. a4 bxa4 21. Qxa4 Ke7 22. Rde1 Rhb8 23. d4 Rb5 24. Rhg1 Rab8 25. Rg6 Qf8 26. dxe5 Rxe5 27. c4 Na6 28. Bc3 Bb4 29. Bxe5 Qd8 30. Rd1 Qg8 31. Rd7+ Ke8 32. Bd5 Qh7 33. Bf7+ Kf8 34. Bxg7+ 1-0

[Event "22nd Ruzomberok Open 2019"]
[Site "Ruzomberok"]
[Date "2019.07.01"]
[Round "3.36"]
[White "Staffen, Robert"]
[Black "Slyk, Piotr"]
[Result "1-0"]
[ECO "C00"]
[WhiteElo "1683"]
[BlackElo "1082"]
[Annotator "NA"]
[PlyCount "111"]
[EventDate "2019.06.29"]
[EventType "swiss"]
[EventCountry "SVK"]
[SourceTitle "playchess.com"]
[Source "ChessBase"]
[SourceQuality "1"]
[TimeControl "40/5400+30:1800+30"]

1. e4 e6 2. d4 g6 3. Nf3 Bg7 4. Be3 a6 5. Bd3 d6 6. c4 Nf6 7. h3 O-O 8. Nc3 Nc6 9. Rc1 Bd7 10. Qd2 e5 11. d5 Ne7 12. O-O Qc8 13. Nh2 c6 14. f4 c5 15. fxe5 dxe5 16. Bg5 Nexd5 17. exd5 Nh5 18. g4 Ng3 19. Rf6 e4 20. Nxe4 Nxe4 21. Bxe4 Qc7 22. d6 Qb6 23. Bd5 Rad8 24. Rcf1 Be6 25. Rxe6 Bd4+ 26. Kh1 Rxd6 27. Rxd6 Qxd6 28. Nf3 Bg7 29. Kg2 Qb6 30. Bh6 Bxh6 31. Qxh6 Qxb2+ 32. Rf2 Qf6 33. Ng5 Qg7 34. Qxg7+ Kxg7 35. Rxf7+ Rxf7 36. Nxf7 b5 37. cxb5 axb5 38. g5 c4 39. Kf3 c3 40. Ke3 b4 41. Kd3 Kf8 42. Nh6 Kg7 43. Bb3 Kf8 44. Kc4 c2 45. Bxc2 Ke7 46. Kxb4 Kd6 47. Ng4 Kd5 48. a4 Kd4 49. Nf6 Ke5 50. Nxh7 Kf4 51. Bxg6 Kg3 52. Bf5 Kh4 53. g6 Kh5 54. g7 Kh4 55. g8=Q Kh5 56. Qf8 1-0